 Dungeon Crawl Stone Soup version 0.28-a0-779-g3d1f99b579 (webtiles) character file.

Game seed: 14997446970917138039

169 jasper the Chopper (level 5, -1/42 HPs)
             Began as a Demonspawn Cinder Acolyte on Nov 2, 2021.
             Was a Believer of Ignis.
             Slain by an orc (2 damage)
             ... on level 3 of the Dungeon.
             The game lasted 00:03:35 (2701 turns).

jasper the Chopper (Demonspawn Cinder Acolyte)      Turns: 2701, Time: 00:03:35

Health: -1/42      AC:  6    Str: 14    XL:     5   Next: 25%
Magic:  6/6        EV: 14    Int: 16    God:    Ignis [**....]
Gold:   52         SH:  3    Dex:  9    Spells: 6/6 levels left

rFire   + . .      SeeInvis .   a - -1 hand axe (flame)
rCold   . . .      Faith    .   f - +0 buckler
rNeg    . . .      Spirit   .   c - +0 leather armour
rPois   .          Reflect  .   (no helmet)
rElec   .          Harm     .   m - +0 cloak {Stlth+}
rCorr   .          Rampage  .   n - +0 pair of gloves
Will    .....                   q - +0 pair of boots
Stlth   ++........              (no amulet)
HPRegen 0.14/turn               e - +4 ring of slaying
MPRegen 0.10/turn               (no ring)

@: rising, flying, repel missiles
A: repulsion field 3
a: Renounce Religion, Sea of Fire, Foxfire Swarm, Rising Flame


You were on level 3 of the Dungeon.
You worshipped Ignis.
Ignis was pleased with you.
You visited 1 branch of the dungeon, and saw 3 of its levels.

You collected 52 gold pieces.

Inventory:

Hand Weapons
 a - a -1 hand axe of flaming (weapon)
 g - a +0 hand axe
 o - a +0 hunting sling
Missiles
 d - 28 sling bullets
 p - 50 stones (quivered)
Armour
 b - a +0 robe
 c - a +0 leather armour (worn)
 f - a +0 buckler (worn)
 m - a +0 cloak of stealth (worn)
 n - a +0 pair of gloves (worn)
 q - a +0 pair of boots (worn)
Magical Staves
 j - a staff of air
Jewellery
 e - a +4 ring of slaying (left hand)
Scrolls
 l - 2 scrolls of identify


   Skills:
 + Level 3.9 Fighting
 * Level 4.3 Axes
 - Level 0.8 Armour
 + Level 1.6 Shields
 - Level 1.0 Spellcasting
 - Level 2.6 Fire Magic


You had 6 spell levels left.
You didn't know any spells.
Your spell library contained the following spells:

 Spells                   Type           Power      Damage    Failure   Level
 Scorch                   Fire           18%        2d6       19%         2


Dungeon Overview and Level Annotations

Branches:
Dungeon (3/15)

Altars:
Okawaru


Innate Abilities, Weirdness & Mutations

You are surrounded by a strong repulsion field. (EV +4, RMsl)


Message History

The foxfire hits the orc priest but does no damage.
The orc priest is moderately wounded.
The orc priest calls upon Beogh to heal the orc.
The orc is healed somewhat.
The orc completely misses you.
Really attack while wielding your +0 hunting sling?
Okay, then.
Your -1 hand axe of flaming bursts into flame!
a - a -1 hand axe of flaming (weapon)
The foxfire hits the orc priest but does no damage.
The orc priest is moderately wounded.
The foxfire hits the orc priest but does no damage.
The orc priest is moderately wounded.
You hit the orc priest but do no damage.
The orc priest is moderately wounded.
You hit the orc. You burn the orc. The orc priest hits you with a +3 whip.
The orc hits you with a +0 flail.
* * * LOW HITPOINT WARNING * * *
The orc priest hits you with a +3 whip.
* * * LOW HITPOINT WARNING * * *
You take 14 damage, and have 5/42 hp.
MASSIVE DAMAGE!!
Okay, then.
It was a potion of haste.
You feel yourself speed up. The orc misses you.
The orc priest looks satisfied for a moment.
It was a potion of invisibility.
You fade into invisibility!
The orc hits you with a +0 flail.
* * * LOW HITPOINT WARNING * * *
You are very lightly contaminated with residual magic.
You take 4 damage, and have 1/42 hp.
You begin to rise into the air.
You block the orc priest's attack.
It was a potion of cancellation.
Your magical effects are unravelling.
You feel magically purged.
Your magical contamination has completely faded away.
You feel yourself slow down.
You flicker back into view.
The orc closely misses you. The orc priest barely misses you.
You hit the orc priest but do no damage.
The orc priest is moderately wounded.
You barely miss the orc. The orc hits you with a +0 flail.
You die...

..#.....#######..$.####
###.................((
#.....########...(#
#............(..(.#
#.#.##.#######...#
...#.##.#######)#
#####.##.#.....#g#
#.##.#.#.#.#o#
#...#.#.o@# #####.#####
#.# #.# ... ###


You could see an orc priest, a gnoll and an orc.

Vanquished Creatures
  An orc priest (D:3)
  Crazy Yiuf (D:2)
  A jelly (D:2)
  A gnoll (D:3)
  2 adders (D:2)
  A worm (D:3)
  An orc (D:3)
  5 ball pythons
  2 bats
  4 endoplasms
  2 giant cockroaches
  4 goblins
  4 hobgoblins
  6 jackals
  4 kobolds
  5 quokkas
  3 frilled lizards
  6 rats
53 creatures vanquished.

Vanquished Creatures (collateral kills)
  A foxfire (D:2)
1 creature vanquished.

Vanquished Creatures (others)
  22 foxfires
  A fungus (D:2)
23 creatures vanquished.

Grand Total: 77 creatures vanquished

Notes
Turn   | Place    | Note
-------+----------+-------------------------------------------
     0 | D:1      | jasper the Demonspawn Cinder Acolyte began the quest for
                  | the Orb.
     0 | D:1      | Reached XP level 1. HP: 18/18 MP: 2/2
   370 | D:1      | Reached skill level 3 in Axes
   392 | D:1      | Gained mutation: You are surrounded by a mild repulsion
                  | field. (EV +2) [demonic ancestry]
   392 | D:1      | Reached XP level 2. HP: 23/24 MP: 3/3
   666 | D:1      | Found a faded altar of an unknown god.
  1246 | D:2      | Gained mutation: You are surrounded by a moderate repulsion
                  | field. (EV +3) [demonic ancestry]
  1246 | D:2      | Reached XP level 3. HP: 27/29 MP: 4/4
  1465 | D:2      | Reached skill level 1 in Shields
  1465 | D:2      | Gained mutation: You are surrounded by a strong repulsion
                  | field. (EV +4, RMsl) [demonic ancestry]
  1465 | D:2      | Reached XP level 4. HP: 32/35 MP: 5/5
  1797 | D:2      | Found an iron altar of Okawaru.
  2025 | D:2      | Found a runed translucent door.
  2026 | D:2      | Noticed Crazy Yiuf
  2245 | D:2      | Killed Crazy Yiuf
  2246 | D:2      | Reached skill level 4 in Axes
  2522 | D:3      | Reached XP level 5. HP: 42/42 MP: 6/6
  2698 | D:3      | HP: 1/42 [orc (4)]
  2701 | D:3      | Slain by an orc

Illustrated notes

Levels and vault maps discovered:
D:1:      giann_forest_graveyard, layout_basic,
          ebering_ecumenical_altar_petrified
D:2:      layout_loops_ring, basic_altar, uniq_crazy_yiuf_cottage
D:3:      layout_loops_ring, minmay_misc_feat_ornament

Skill      XL: |  1  2  3  4 |
---------------+-------------+-----
Axes           | 3 4 |  4.3
Shields        | 1 |  1.6
Fighting       | |  3.9
Armour         | |  0.8
Spellcasting   | |  1.0
Fire Magic     | |  2.6

Action                   |  1- 3 |  4- 6 || total
-------------------------+-------+-------++-------
Melee: Hand axe          |    81 |    28 ||   109
 Fire: Hunting sling     |       |    28 ||    28
Invok: Foxfire Swarm     |       |     5 ||     5
       Rising Flame      |       |     1 ||     1
  Use: Scroll            |     1 |       ||     1
       Potion            |       |     3 ||     3
Armor: Leather armour    |    16 |     2 ||    18
Dodge: Dodged            |    58 |    27 ||    85
Block: Buckler           |     6 |     6 ||    12

Table legend: (Time is in decaauts)
 A = Elapsed time spent in this place.
 B = Non-inter-level travel time spent in this place.
 C = Inter-level travel time spent in this place.
 D = Time resting spent in this place.
 E = Time spent auto-exploring this place.
 F = Levels seen in this place.
 G = Mean time per level.
                   A        B        C        D        E       F      G
               +--------+--------+--------+--------+--------+-----+--------+
         Total |   2723 |   2646 |     77 |    476 |   1703 |   3 |  907.7 |
       Dungeon |   2723 |   2646 |     77 |    476 |   1703 |   3 |  907.7 |
               +--------+--------+--------+--------+--------+-----+--------+

Top non-repeatable levels by time:
     D:1: 1219 daAuts
     D:2: 1096 daAuts
     D:3: 407 daAuts
